 Dungeon Crawl Stone Soup version 0.30-a0-134-gb40fab5c76 (webtiles) character file.

Game seed: 8595788998045190617

41847 erer12 the Cruncher (level 13, -1/106 HPs)
             Began as a Minotaur Fighter on Sept 19, 2022.
             Was an Elder of Hepliaklqana.
             Killed from afar by a starcursed mass (11 damage)
             ... with an accursed screaming
             ... summoned by Mlioglotl
             ... on level 1 of the Swamp.
             The game lasted 00:35:21 (13864 turns).

erer12 the Cruncher (Minotaur Fighter)             Turns: 13864, Time: 00:35:24

Health: -1/106     AC: 18    Str: 30    XL:     13   Next: 82%
Magic:  12/12      EV: 14    Int:  9    God:    Hepliaklqana [****..]
Gold:   549        SH:  0    Dex: 13    Spells: 12/12 levels left

rFire   + + .      SeeInvis .    c - +9 quarterstaff "Burinece" {drain, Str+5}
rCold   + . .      Faith    .    (shield currently unavailable)
rNeg    . . .      Spirit   .    O - +1 fire dragon scales
rPois   +          Reflect  .    (helmet unavailable)
rElec   .          Harm     .    K - scarf {repulsion}
rCorr   +          Rampage  +    (no gloves)
Will    +++..      Clarity  +    x - +3 pair of boots of Eternal Night {Rampage *Slow Will+++ rCorr}
Stlth   +.........               (no amulet)
HPRegen 0.27/turn                A - ring of Tension {*Slow rPois rC++ Dex+4}
MPRegen 0.13/turn                i - ring of poison resistance

@: slowed, repel missiles, very slow
A: reduced essence, horns 3, retaliatory headbutt, clarity, clever 1, wild magic
2
a: Renounce Religion, Recall Ancestor, Ancestor Identity, Transference, Idealise


You were on level 1 of the Swamp.
You worshipped Hepliaklqana.
Hepliaklqana was greatly pleased with you.
You visited 3 branches of the dungeon, and saw 15 of its levels.
You also visited: Gauntlet.

You collected 604 gold pieces.
You spent 55 gold pieces at shops.

Inventory:

Hand Weapons
 a - a +1 long sword
 c - the +9 quarterstaff "Burinece" (weapon) {drain, Str+5}
   (You found it on level 6 of the Dungeon)

   A truly terrible weapon, it drains the life of any living foe it strikes.
   Str:       It affects your strength (+5).
 g - a +0 great sword
Missiles
 o - 52 poisoned darts
 B - 13 curare-tipped darts (quivered)
 I - 6 boomerangs
 N - 4 silver javelins
Armour
 b - a +3 scale mail
 x - the +3 pair of boots of Eternal Night (worn) {Rampage *Slow Will+++ rCorr}
   (You found it on level 8 of the Dungeon)

   rCorr:     It protects you from acid and corrosion.
   *Slow:     It may slow you when you take damage.
   Rampage:   It bestows one free step when moving towards enemies.
   Will:      It greatly increases your willpower.
 y - a +0 kite shield
 J - a +0 troll leather armour
 K - a scarf of repulsion (worn)
 O - +1 fire dragon scales (worn)
Jewellery
 i - a ring of poison resistance (right hand)
 A - the ring of Tension (left hand) {*Slow rPois rC++ Dex+4}
   (You took it off a minotaur in a Gauntlet)

   [ring of poison resistance]

   Dex:       It affects your dexterity (+4).
   rC:        It greatly protects you from cold.
   rPois:     It protects you from poison.
   *Slow:     It may slow you when you take damage.
 D - an amulet of faith
 M - the amulet "Qing" {Regen+ Dex+3}
   (You found it in a Gauntlet)

   [amulet of regeneration]

   Dex:       It affects your dexterity (+3).
   Regen:     It increases your rate of health regeneration.
 S - an amulet of regeneration
Wands
 p - a wand of paralysis (14)
 R - a wand of mindburst (13)
Scrolls
 e - a scroll of amnesia
 s - 3 scrolls of fear
 v - 4 scrolls of teleportation
 w - a scroll of magic mapping
 H - a scroll of fog
Potions
 j - 3 potions of degeneration
 k - 2 potions of flight
 l - 4 potions of haste
 m - a potion of cancellation
 n - a potion of attraction
 r - 3 potions of curing
 t - a potion of berserk rage
 u - 5 potions of brilliance
 E - a potion of lignification
 G - 2 potions of might
Miscellaneous
 d - a box of beasts (inert)
 C - a box of beasts (inert)
 L - a phantom mirror (inert)


   Skills:
 + Level 12.0 Fighting
 + Level 7.0 Long Blades
 + Level 14.4 Staves
 + Level 1.2 Throwing
 + Level 13.5 Armour
 + Level 8.7 Dodging
 + Level 5.5 Stealth
 + Level 5.5 Shields
 + Level 1.0 Invocations
 + Level 3.1 Evocations


You had 12 spell levels left.
You didn't know any spells.
Your spell library contained the following spells:

 Spells                   Type           Power      Damage    Failure   Level
 Beastly Appendage        Tmut           0%         N/A       77%         1
 Magic Dart               Conj           0%         1d3       77%         1
 Sandblast                Erth           0%         2d4       77%         1
 Shock                    Conj/Air       0%         1d3       77%         1
 Slow                     Hex            0%         N/A       77%         1
 Sting                    Tmut/Pois      0%         1d3       77%         1
 Call Imp                 Summ           0%         N/A       87%         2
 Passwall                 Tmut/Erth      0%         N/A       87%         2
 Poisonous Vapours        Pois/Air       0%         N/A       87%         2
 Wereblood                Tmut           0%         N/A       87%         2
 Gell's Gravitas          Tloc           0%         N/A       98%         3
 Mephitic Cloud           Conj/Pois/Air  0%         N/A       98%         3
 Spider Form              Tmut/Pois      0%         N/A       98%         3
 Stone Arrow              Conj/Erth      0%         3d7       98%         3
 Swiftness                Air            0%         N/A       98%         3
 Teleport Other           Tloc           0%         N/A       98%         3
 Airstrike                Air            0%         2d(0-16)  100%        4
 Animate Dead             Necr           0%         N/A       100%        4
 Olgreb's Toxic Radiance  Pois           0%         N/A       100%        4
 Borgnjor's Vile Clutch   Necr/Erth      0%         N/A       100%        5
 Summon Forest            Summ/Tloc      0%         N/A       100%        5
 Summon Mana Viper        Hex/Summ       0%         N/A       100%        5
 Death Channel            Necr           0%         N/A       100%        6
 Dispersal                Tloc           0%         N/A       100%        6
 Summon Cactus Giant      Summ           0%         N/A       100%        6


Dungeon Overview and Level Annotations

Branches:
Dungeon (12/15)            Temple (0/1) D:6            Lair (3/5) D:11
  Swamp (1/4) Lair:3      Gauntlet (visited)
  Snake: Lair:2-3    Spider: Lair:2-3       Orc: D:9-12

Altars:
Cheibriados
Gozag
Hepliaklqana
Qazlal
Xom
Yredelemnul
The Shining One

Shops:
D:1 *   D:7 [

Annotations:
Swamp:1 Mlioglotl


Innate Abilities, Weirdness & Mutations

Your life essence is reduced to manifest your ancestor. (-10% HP)
You have a pair of large horns on your head.
You reflexively headbutt those who attack you in melee.
You possess an exceptional clarity of mind.
Your mind is acute. (Int +4, Str/Dex -1)
Your spells are harder to cast, but more powerful.


Message History

Mlioglotl churns violently!
Mlioglotl corrupts the dungeon around him!
You swap places.
The balrug hits you with a +0 demon whip.
You are engulfed in flames.
You resist.
A starcursed mass splits.
Jane hits Mlioglotl with a +0 quarterstaff!!
Mlioglotl hits jane.
Mlioglotl tramples jane!!
Jane holds her ground!
Jane is destroyed!
A starcursed mass splits.
The balrug hits you with a +0 demon whip!
You are engulfed in flames.
You resist.
* * * LOW HITPOINT WARNING * * *
A tentacle flies out from the starspawn's body!
The starspawn tentacle grabs you. The starspawn tentacle constricts you.
Mlioglotl churns violently!
Mlioglotl corrupts the dungeon around him!
The balrug hits you with a +0 demon whip!
* * * LOW HITPOINT WARNING * * *
You are engulfed in flames.
You resist.
* * * LOW HITPOINT WARNING * * *
The starcursed mass completely misses you.
The lich shouts!
The neqoxec shouts!
A starspawn tentacle comes into view.
Your unstable footing causes you to fumble your attack.
The hell hound barks!
Mlioglotl churns violently!
Mlioglotl radiates an aura of fear!
You are unaffected.
The starspawn tentacle constricts you.
* * * LOW HITPOINT WARNING * * *
The starspawn tentacle loses its grip on you.
The tentacle pulls you backwards!
Splash!
The starcursed mass touches you but does no damage. x2
The starspawn tentacle moves out of view.
Blink to where?
Press: ? - help, Q - select action, (/) - cycle Dir - move target
As you read the scroll of blinking, it crumbles to dust.
A starcursed mass splits.
A chorus of shrieks assaults your mind.
You die...

~....~~~,,**,,,~~~~~~~~~~,,~~~~~~
~~...~~~~,,,~~,~,~~~~~~~~~,~~~~~~
~~....~~~,~,~~,**~,,,~~~~~,,~~~~~
~~.~~..~♣**,,^~****,,~~~,,,,,,~,,
~~~~~..♣* ****** ***,~~,,**,,,,,*
~.~~~.~♣ ♣♣♣ *,,,~~,,~***~,,,
.♣.....♣♣♣~♣♣♣♣♣♣**,~~~~,,* **~**
............~~..♣♣*,~~~~,~* ***
~~..~~~~~~~§....@♣*,~~~~,**
~.<.#.~3~~§......~♣,~~~~,*
~♣♣♣.......X♣.~~§.♣*~,~~~******
~.♣~♣♣♣~.X~X.~~~~~.**,~~~~*,~,***
..♣♣*♣~=.XX♣~.§~~...,,,,,**,,,~**
~♣~.♣♣h~..2♣♣.~~~#♣..**~~~*,,,,**
.♣♣....#..#~♣wx~~.,..~*,,,~~~~~*~
..♣.~~..L♣♣XV..~~~,...~,,~~~~~,~,
♣......♣♣♣*h>....~~~~,~,~,~~~~~~,


You could see 4 starcursed masses, Mlioglotl (strong), a small abomination
(summoned) and a starspawn tentacle.

Vanquished Creatures
  A minotaur (Gauntlet)
  A bunyip (Swamp:1)
  A hydra (Lair:2)
  A two-headed ogre (D:11)
  A catoblepas (Lair:2)
  A soul eater (Gauntlet)
  Sonja (D:11)
  3 elephants (Lair:3)
  2 black mambas (Lair:2)
  2 cane toads (Lair:1)
  The ghost of SensoryNuts the Poker, a novice DsFi (D:6)
  A kobold demonologist (D:7)
  6 komodo dragons
  An ice devil (Gauntlet)
  A troll (D:11)
  8 blink frogs
  A water elemental (D:11)
  7 yaks
  A wyvern (D:11)
  2 basilisks
  4 steam dragons
  2 vampire mosquitoes
  6 water moccasins
  An acid dragon (D:7)
  Duvessa (D:7)
  2 black bears
  3 sky beasts
  5 orc warriors
  2 ice beasts
  5 wolves (Lair:3)
  A phantom (D:6)
  2 centaurs
  4 kobold brigands
  3 bullfrogs (Lair:2)
  3 necrophages (D:7)
  A scorpion (D:7)
  5 wights (D:7)
  Dowan (D:7)
  4 electric eels
  3 howler monkeys (D:7)
  2 hounds
  5 orc priests
  A gnoll bouda (D:4)
  3 iguanas
  4 orc wizards
  4 adders
  8 gnolls
  6 shadow imps
  4 white imps
  2 dart slugs
  26 orcs
  8 endoplasms
  2 giant cockroaches
  5 goblins
  7 hobgoblins
  3 jackals (D:1)
  2 quokkas
  10 ball pythons
  6 bats
  5 frilled lizards
  4 kobolds
  5 rats
223 creatures vanquished.

Vanquished Creatures (collateral kills)
  Aizul (Swamp:1)
  A great orb of eyes (Gauntlet)
  A hydra (Lair:2)
  An ugly thing (Gauntlet)
  2 elephants (Lair:3)
  A komodo dragon (Lair:1)
  A polar bear (Lair:1)
  3 blink frogs
  A wraith (D:7)
  4 yaks (Lair:2)
  A water elemental (D:11)
  3 vampire mosquitoes (Swamp:1)
  A water moccasin (D:6)
  2 orc warriors
  A black bear (D:11)
  A sky beast (D:6)
  A wolf (Lair:3)
  6 kobold brigands (D:6)
  4 bullfrogs
  A scorpion (D:5)
  A necrophage (D:4)
  A gnoll sergeant (D:5)
  A wight (D:7)
  An electric eel (Lair:2)
  A howler monkey (D:7)
  A jelly (D:7)
  3 hounds
  An iguana (D:6)
  6 orc wizards
  5 gnolls
  4 adders
  A shadow imp (Gauntlet)
  2 white imps
  30 orcs
  A bat (D:3)
  5 endoplasms
  A quokka (D:4)
  3 goblins
  3 kobolds
  2 rats (D:2)
  A butterfly (D:6)
111 creatures vanquished.

Vanquished Creatures (others)
  2 kobold brigands (D:6)
  A white imp (D:7)
  7 battlemagi
  12 fungi
  21 plants
  2 starspawn tentacles (Swamp:1)
45 creatures vanquished.

Grand Total: 379 creatures vanquished

Notes
Turn   | Place    | Note
-------+----------+-------------------------------------------
     0 | D:1      | erer12 the Minotaur Fighter began the quest for the Orb.
     0 | D:1      | Reached XP level 1. HP: 19/19 MP: 0/0
    83 | D:1      | Reached XP level 2. HP: 27/27 MP: 1/1
   411 | D:1      | Found Suipy's General Store.
   590 | D:1      | Reached XP level 3. HP: 33/33 MP: 2/2
   730 | D:1      | Found a faded altar of an unknown god.
   735 | D:1      | Got Plato's Tome of Imprecation
   736 | D:1      | Prayed at the altar of an unknown god.
   736 | D:1      | Became a worshipper of Hepliaklqana the Forgotten
   736 | D:1      | Reached * piety under Hepliaklqana
  1565 | D:2      | Reached XP level 4. HP: 36/36 MP: 3/3
  1718 | D:3      | Reached ** piety under Hepliaklqana
  1719 | D:3      | Remembered your ancestor jane as a battlemage
  1831 | D:3      | Found a shimmering altar of Xom.
  2569 | D:4      | Noticed a necrophage
  2578 | D:4      | Reached skill level 5 in Armour
  2578 | D:4      | Reached XP level 5. HP: 39/42 MP: 4/4
  2581 | D:4      | Reached skill level 1 in Dodging
  2807 | D:4      | Reached XP level 6. HP: 44/47 MP: 5/5
  3188 | D:4      | Found an opulent altar of Gozag.
  3206 | D:4      | Reached skill level 5 in Long Blades
  3231 | D:4      | Reached *** piety under Hepliaklqana
  3757 | D:1      | Bought a potion of heal wounds for 55 gold pieces
  3856 | D:5      | Entered Level 5 of the Dungeon
  4023 | D:5      | Reached XP level 7. HP: 40/54 MP: 6/6
  4568 | D:5      | Found a stormy altar of Qazlal.
  4626 | D:5      | Reached skill level 5 in Fighting
  5082 | D:5      | Reached skill level 5 in Shields
  5215 | D:6      | Reached skill level 1 in Stealth
  5236 | D:6      | Reached **** piety under Hepliaklqana
  5252 | D:6      | Identified the +9 quarterstaff "Burinece" {drain, Str+5}
  5289 | D:6      | Found a runed translucent door.
  5310 | D:6      | Reached XP level 8. HP: 60/62 MP: 7/7
  5354 | D:6      | Reached skill level 1 in Staves
  5357 | D:6      | Reached skill level 2 in Staves
  5996 | D:6      | Reached skill level 3 in Staves
  6158 | D:6      | Found a runed translucent gate.
  6173 | D:6      | Found a runed translucent gate.
  6175 | D:6      | Found a runed translucent gate.
  6175 | D:6      | Noticed SensoryNuts's ghost (novice DsFi)
  6193 | D:6      | Reached XP level 9. HP: 38/70 MP: 8/8
  6194 | D:6      | Reached skill level 4 in Staves
  6196 | D:6      | Paralysed by a kobold brigand for 3 turns
  6209 | D:6      | Killed SensoryNuts's ghost
  6211 | D:6      | Reached skill level 5 in Staves
  6404 | D:6      | Found a staircase to the Ecumenical Temple.
  6674 | D:7      | Noticed a kobold demonologist
  6679 | D:7      | Killed a kobold demonologist
  6702 | D:7      | Reached skill level 10 in Armour
  6704 | D:7      | Reached skill level 6 in Staves
  6749 | D:7      | Reached XP level 10. HP: 70/79 MP: 9/9
  6872 | D:7      | Reached skill level 7 in Staves
  6877 | D:7      | Reached skill level 5 in Dodging
  7105 | D:7      | Noticed Duvessa
  7107 | D:7      | Noticed Dowan
  7110 | D:7      | Found a snail-covered altar of Cheibriados.
  7112 | D:7      | Killed Dowan
  7119 | D:7      | Killed Duvessa
  7174 | D:7      | Gained mutation: You are strong-willed. (Will+) [potion of
                  | mutation]
  7174 | D:7      | Gained mutation: Your spells are a little harder to cast,
                  | but a little more powerful. [potion of mutation]
  7174 | D:7      | Gained mutation: Your flesh is heat resistant. (rF+)
                  | [potion of mutation]
  7175 | D:7      | Lost mutation: You are strong-willed. (Will+) [potion of
                  | mutation]
  7175 | D:7      | Lost mutation: Your flesh is heat resistant. (rF+) [potion
                  | of mutation]
  7175 | D:7      | Gained mutation: You have sharp toenails. [potion of
                  | mutation]
  7175 | D:7      | Gained mutation: You are frail. (-10% HP) [potion of
                  | mutation]
  7176 | D:7      | Lost mutation: You are frail. (-10% HP) [potion of
                  | mutation]
  7176 | D:7      | Lost mutation: You have sharp toenails. [potion of
                  | mutation]
  7176 | D:7      | Gained mutation: You possess an exceptional clarity of
                  | mind. [potion of mutation]
  7176 | D:7      | Gained mutation: Your spells are harder to cast, but more
                  | powerful. [potion of mutation]
  7176 | D:7      | Gained mutation: Your mind is acute. (Int +4, Str/Dex -1)
                  | [potion of mutation]
  7176 | D:7      | Gained mutation: You have a pair of large horns on your
                  | head. [potion of mutation]
  7295 | D:7      | Reached skill level 8 in Staves
  7626 | D:7      | Found Assipattle's Dragon-Slaying Spoils.
  8004 | D:8      | Identified the +3 pair of boots of Eternal Night {Rampage
                  | *Slow Will+++ rCorr}
  8291 | D:8      | Reached skill level 9 in Staves
  8441 | D:8      | Found a glowing golden altar of the Shining One.
  8443 | D:8      | Noticed an angel
  8445 | D:8      | Reached skill level 1 in Invocations
  8554 | D:8      | Reached ***** piety under Hepliaklqana
  8789 | D:8      | Found a basalt altar of Yredelemnul.
  8909 | D:8      | Noticed a profane servitor
  9093 | D:9      | You fall into a shaft and drop 3 floors!
  9099 | D:11     | Noticed Sonja
  9106 | D:11     | Killed Sonja
  9123 | D:11     | Noticed a two-headed ogre
  9129 | D:11     | Killed a two-headed ogre
  9141 | D:11     | Reached skill level 1 in Throwing
  9644 | D:11     | Reached skill level 10 in Staves
  9653 | D:11     | Reached XP level 11. HP: 65/85 MP: 8/10
  9662 | D:11     | Found a staircase to the Lair.
  9849 | Lair:1   | Entered Level 1 of the Lair of Beasts
 10134 | Lair:1   | Reached skill level 11 in Staves
 10164 | Lair:1   | Found a gate leading to a gauntlet.
 10270 | Gauntlet | Entered a Gauntlet
 10270 | Gauntlet | Found a transporter.
 10270 | Gauntlet | Found a transporter.
 10274 | Gauntlet | Found a transporter.
 10274 | Gauntlet | Found a transporter.
 10281 | Gauntlet | Noticed a soul eater
 10283 | Gauntlet | Found a transporter.
 10325 | Gauntlet | Killed a soul eater
 10340 | Gauntlet | Found a transporter.
 10353 | Gauntlet | Found a transporter.
 10367 | Gauntlet | Noticed a white ugly thing
 10374 | Gauntlet | Noticed a great orb of eyes
 10390 | Gauntlet | Found a transporter.
 10391 | Gauntlet | Found a transporter.
 10409 | Gauntlet | Killed a great orb of eyes
 10410 | Gauntlet | Killed a purple ugly thing
 10413 | Gauntlet | Found a transporter.
 10417 | Gauntlet | Found a transporter.
 10421 | Gauntlet | Identified the amulet "Qing" {Regen+ Dex+3}
 10599 | Gauntlet | Found the dreamshard necklace {*Dream Drain}
 10599 | Gauntlet | Identified the ring of Tension {*Slow rPois rC++ Dex+4}
 10599 | Gauntlet | Noticed a minotaur
 10606 | Gauntlet | Killed a minotaur
 10607 | Gauntlet | Reached skill level 12 in Staves
 11104 | Lair:2   | Noticed an eight-headed hydra
 11106 | Lair:2   | Noticed a catoblepas
 11107 | Lair:2   | Killed an eight-headed hydra
 11130 | Lair:2   | Reached skill level 10 in Fighting
 11146 | Lair:2   | Reached XP level 12. HP: 49/95 MP: 11/11
 11158 | Lair:2   | Noticed a seven-headed hydra
 11174 | Lair:2   | Killed a seven-headed hydra
 11191 | Lair:2   | Reached skill level 13 in Staves
 11590 | Lair:2   | Reached skill level 5 in Stealth
 11631 | Lair:2   | Killed a catoblepas
 11632 | Lair:2   | Reached skill level 1 in Evocations
 13183 | Lair:3   | Found a staircase to the Swamp.
 13273 | Swamp:1  | Entered Level 1 of the Swamp
 13275 | Swamp:1  | Noticed a bunyip
 13283 | Swamp:1  | Killed a bunyip
 13288 | Swamp:1  | Noticed Aizul
 13296 | Swamp:1  | HP: 3/99 [poisoned by Aizul (bolt of poison)]
 13301 | Swamp:1  | Killed Aizul
 13302 | Swamp:1  | Reached skill level 14 in Staves
 13650 | Swamp:1  | Reached XP level 13. HP: 106/106 MP: 12/12
 13844 | Swamp:1  | Noticed Mlioglotl
 13853 | Swamp:1  | Noticed a tentacled starspawn
 13857 | Swamp:1  | Noticed a balrug
 13860 | Swamp:1  | Noticed a starcursed mass
 13862 | Swamp:1  | Noticed a lich
 13864 | Swamp:1  | Killed from afar by a starcursed mass

Illustrated notes

Levels and vault maps discovered:
D:1:      spicycebolla_green_bress_n_ham, layout_loops_ring,
          shapermc_ecumenical_altar_rom_forum, serial_shops, shop
D:2:      layout_loops_cross, serial_aquarium, aquarium_bridge_long_joined
          [aquarium_subvault_bridge, aquarium_subvault_wall,
          aquarium_subvault_wall, aquarium_subvault_window,
          aquarium_subvault_window, aquarium_subvault_bridge],
          aquarium_bridge_island_small [aquarium_subvault_small_open,
          aquarium_subvault_bridge, aquarium_subvault_bridge,
          aquarium_subvault_wall, aquarium_subvault_window], aquarium_window_1,
          aquarium_window_1, aquarium_view_2d, aquarium_pool_2,
          minmay_pentomino_x4
D:3:      layout_basic, mainiacjoe_overflow_brackets
D:4:      layout_basic, mainiacjoe_overflow_alcove_2
D:5:      layout_basic, mainiacjoe_overflow_alcove_4,
          nicolae_figureground_sparkle
D:6:      layout_basic, minmay_temple_entry_butterflies,
          gammafunk_ghost_nasty_kobolds, lightli_church_of_beogh
D:7:      minmay_the_grid_octo_tiled_squarecenter
          [minmay_the_grid_octo_odd_swirl, minmay_the_grid_octo_tetromino_candy,
          minmay_the_grid_octo_concentric, minmay_the_grid_octo_clover_2,
          minmay_the_grid_square_5x5_megaprize_crossed,
          minmay_the_grid_square_5x5_meh, minmay_the_grid_square_5x5_bracketed,
          minmay_the_grid_square_5x5_lines, minmay_the_grid_square_5x5_inner_i],
          layout_gridville, lemuel_round_altar, serial_park_tiny_1,
          nicolae_shop_dragon_depot, uniq_duvessa
D:8:      layout_basic, grunt_temple_overflow_holy_war, enter_bailey_4,
          serial_rivers, chequers_serial_rivers_small_3,
          chequers_serial_rivers_large_b, chequers_serial_rivers_micro_d,
          chequers_serial_rivers_small_3, chequers_serial_rivers_room_b,
          serial_bayou_lagoon_a, minmay_diced_spiral
D:9:      layout_rooms, nicolae_kikubaaqudgha_miasma_corner,
          lemuel_crystal_altar, mainiacjoe_overflow_concentric_impassable
D:11:     layout_basic, david_lair_generic, uniq_sonja, uniq_psyche
D:12:     layout_loops_ring, erik_orc_4, yredelemnul_forgotten_temple_becter
Lair:1:   layout_cave_shapes, gauntlet_entry_generic
Lair:2:   layout_regular_city, guppyfry_lair_drakes, infiniplex_staircase_pool,
          serial_bayou_shore_a
Lair:3:   layout_small_grid, swamp_mist_pool, spider_nest_entry_funnel_web,
          grunt_megastairs_1
Swamp:1:  layout_basic_swamp, hangedman_swamp_cone, uniq_aizul, uniq_mlioglotl,
          uniq_nikola

Skill      XL: |  1  2  3  4  5  6  7  8  9 10 11 12 |
---------------+-------------------------------------+-----
Fighting       | 4 5 6 7 8 10 12 | 12.0
Shields        | 4 5 |  5.5
Armour         | 4 5 6 7 8 10 11 12 13 | 13.5
Long Blades    | 3 4 5 6 7 |  7.0
Dodging        | 1 2 3 4 5 6 8 |  8.7
Stealth        | 1 3 4 5 |  5.5
Staves         | 3 6 10 12 14 | 14.4
Invocations    | 1 |  1.0
Throwing       | 1 |  1.2
Evocations     | 3 |  3.1

Action                   |  1- 3 |  4- 6 |  7- 9 | 10-12 | 13-15 || total
-------------------------+-------+-------+-------+-------+-------++-------
Melee: Long sword        |    87 |    84 |    23 |       |       ||   194
       Headbutt          |    13 |    17 |    17 |    49 |     3 ||    99
       Quarterstaff      |       |       |    79 |   307 |    13 ||   399
Throw: Dart              |       |       |       |     4 |       ||     4
Invok: Ancestor Identity |     1 |       |       |       |       ||     1
       Ancestor Life: Ba |       |     1 |       |       |       ||     1
       Recall Ancestor   |       |       |       |     2 |       ||     2
       Idealise          |       |       |       |     1 |       ||     1
Evoke: Wand              |       |       |       |     3 |       ||     3
       Box of beasts     |       |       |       |     2 |       ||     2
       Phantom mirror    |       |       |       |     2 |       ||     2
  Use: Scroll            |     3 |     6 |     3 |    11 |     2 ||    25
       Potion            |       |     1 |    10 |     7 |     5 ||    23
 Stab: Paralysed         |       |       |     3 |     2 |       ||     5
       Distracted        |       |       |       |     3 |       ||     3
       Petrified         |       |       |       |     3 |       ||     3
Armor: Scale mail        |    57 |    36 |    81 |    83 |       ||   257
       Fire dragon scale |       |       |       |    94 |    13 ||   107
Dodge: Dodged            |    58 |    35 |   134 |   188 |    19 ||   434
Block: Buckler           |    21 |    23 |     8 |       |       ||    52
       Kite shield       |       |       |     2 |       |       ||     2

Table legend: (Time is in decaauts)
 A = Elapsed time spent in this place.
 B = Non-inter-level travel time spent in this place.
 C = Inter-level travel time spent in this place.
 D = Time resting spent in this place.
 E = Time spent auto-exploring this place.
 F = Levels seen in this place.
 G = Mean time per level.
                   A        B        C        D        E       F      G
               +--------+--------+--------+--------+--------+-----+--------+
         Total |  13972 |  11575 |   2397 |   4269 |   5349 |  16 |  873.2 |
       Dungeon |   9979 |   7965 |   2014 |   2291 |   4289 |  11 |  907.2 |
          Lair |   2826 |   2486 |    340 |   1386 |    794 |   3 |  942.0 |
         Swamp |    603 |    560 |     43 |    228 |    265 |   1 |  603.0 |
      Gauntlet |    562 |    562 |      0 |    364 |      0 |   1 |  562.0 |
               +--------+--------+--------+--------+--------+-----+--------+

Top non-repeatable levels by time:
     D:6: 1447 daAuts
  Lair:2: 1446 daAuts
     D:5: 1377 daAuts
     D:7: 1334 daAuts
     D:8: 1134 daAuts
     D:4: 1113 daAuts
     D:2: 1002 daAuts
     D:3: 899 daAuts
     D:1: 888 daAuts
    D:11: 755 daAuts
  Lair:3: 709 daAuts
  Lair:1: 670 daAuts
 Swamp:1: 603 daAuts
Gauntlet: 562 daAuts
     D:9: 21 daAuts
